 Dungeon Crawl Stone Soup version 0.21.1-1-g345015fe64 (webtiles) character file.

93949 Knicklaso the Warrior (level 16, -6/125 HPs)
             Began as a Halfling Fighter on Apr 5, 2018.
             Was the Champion of Uskayaw.
             Mangled by a deep elf knight
             ... wielding a +0 long sword
              (13 damage)
             ... on level 2 of the Elven Halls.
             The game lasted 01:58:51 (27608 turns).

Knicklaso the Warrior (Halfling Fighter)           Turns: 27608, Time: 01:58:52

Health: -6/125     AC: 23    Str: 23    XL:     16   Next: 58%
Magic:  22/22      EV: 23    Int:  6    God:    Uskayaw [******]
Gold:   613        SH: 11    Dex: 22    Spells: 15/15 levels left

rFire    . . .     SeeInvis .   E - +7 scimitar (flame)
rCold    . . .     Gourm    .   i - +3 buckler {AC+3}
rNeg     . . .     Faith    .   o - quicksilver dragon scales
rPois    .         Spirit   .   c - +0 hat
rElec    .         Reflect  .   G - +2 cloak
rCorr    .         Harm     .   (no gloves)
MR       +++..                  Z - +4 pair of boots "Moumeal" {Dex+4}
Stlth    +.........             A - amulet of rage
HPRegen  0.30/turn              K - +3 ring of strength
MPRegen  0.18/turn              l - ring of protection from magic

@: lethally poisoned (-6 -> -20)
A: small, beak, mutation resistance 1
a: Stomp, Line Pass, Grand Finale, Renounce Religion, Evoke Berserk Rage


You were on level 2 of the Elven Halls.
You worshipped Uskayaw.
Uskayaw was noncommittal.
You were not hungry.

You visited 4 branches of the dungeon, and saw 21 of its levels.

You collected 2102 gold pieces.
You spent 1489 gold pieces at shops.

Inventory:

Hand Weapons
 a - a +3 scimitar of freezing
 E - a +7 scimitar of flaming (weapon)
Armour
 c - a +0 hat (worn)
 i - a +3 buckler of protection (worn)
 k - a +2 buckler
 o - quicksilver dragon scales (worn)
 v - the +3 chain mail of Gauhius {MR- Regen+ Int+3}
   (You found it on level 1 of the Elven Halls)

   It affects your intelligence (+3).
   It affects your resistance to hostile enchantments.
   It increases your rate of regeneration.
 G - a +2 cloak (worn)
 Z - the +4 pair of boots "Moumeal" (worn) {Dex+4}
   (You found it on level 6 of the Lair of Beasts)

   It affects your dexterity (+4).
Jewellery
 l - a ring of protection from magic (right hand)
 A - an amulet of rage (around neck)
 K - a +3 ring of strength (left hand)
 T - an uncursed ring of flight
Wands
 m - a wand of digging (26)
 w - a wand of flame (20)
 B - a wand of paralysis (10)
 D - a wand of enslavement (4)
 I - a wand of acid (26)
Scrolls
 b - 3 scrolls of enchant armour
 d - 10 scrolls of teleportation
 g - 11 scrolls of identify
 h - 5 scrolls of remove curse
 j - 5 scrolls of blinking
 q - 5 scrolls of fog
 u - a scroll of fear {unknown}
 x - a scroll of amnesia
 N - 3 scrolls of magic mapping
 R - a scroll of silence {unknown}
Potions
 e - 3 potions of haste
 n - a potion of invisibility {unknown}
 s - 4 potions of flight
 t - 3 potions of brilliance
 F - 2 potions of might
 H - 7 potions of curing
 O - 2 potions of berserk rage {unknown}
 V - 2 potions of heal wounds
 W - 2 potions of cancellation {unknown}
Books
 y - a book of the Sky

   Spells                             Type                      Level
   a - Summon Lightning Spire         Summoning/Air                4
   b - Silence                        Hexes/Air                    5
   c - Deflect Missiles               Charms/Air                   6
   d - Conjure Ball Lightning         Conjuration/Air              6
   e - Tornado                        Air                          9
Miscellaneous
 p - a fan of gales
 r - a lamp of fire
Comestibles
 f - 24 rations


   Skills:
 + Level 16.6 Fighting
   Level 4.1(11.6) Short Blades
 - Level 13.9(14.1) Long Blades
   Level 3.4 Maces & Flails
   Level 4.1 Slings
 + Level 7.5 Armour
 + Level 10.1 Dodging
 - Level 7.4 Shields
 + Level 1.1 Invocations
 - Level 8.0 Evocations


You had 15 spell levels left.
You didn't know any spells.

Dungeon Overview and Level Annotations

Branches:
Dungeon (11/15)            Temple (0/1) D:6            Lair (6/6) D:11
 Shoals (0/4) Lair:3        Snake (0/4) Lair:3        Slime (0/5) Lair:6
    Orc (2/2) D:9             Elf (2/3) Orc:2

Altars:
Cheibriados
Fedhas
Kikubaaqudgha
Okawaru
Qazlal
Ru
Sif Muna
Uskayaw
Vehumet
Wu Jian
Yredelemnul
Zin
The Shining One
Jiyva

Shops:
D:10 *=?}?   Orc:2 }[[?

Annotations:
D:2 2 transporters, Menkaure
Lair:2 exclusion: 2 oklob plants
Elf:2 2 runed doors


Innate Abilities, Weirdness & Mutations

You are small and have problems with some larger weapons.
You are somewhat resistant to further mutation.
You have a beak for a mouth.


Message History

You block the short sword of speed's attack.
The war axe of electrocution hits you but does no damage.
The short sword of speed hits you but does no damage.
You closely miss the short sword of speed.
You peck the short sword of speed, but do no damage.
The short sword of speed is moderately damaged.
You feel sick.
The short sword of speed hits you but does no damage.
You block the war axe of electrocution's attack.
The deep elf knight closely misses you.
You closely miss the war axe of electrocution.
You peck the war axe of electrocution, but do no damage.
You feel sick. The short sword of speed hits you.
* * * LOW HITPOINT WARNING * * *
The war axe of electrocution hits you but does no damage.
You are electrocuted!
* * * LOW HITPOINT WARNING * * *
The short sword of speed misses you.
The deep elf knight hits you with a long sword!
You die...

####.####.## #.## #
##.#...##...##...##
#
##..................
##
#...................
#.
##....)#...........#
#.
#....)###.........#
#. ##...##
##........## ##
##...###..).......#
#
##....#....@).....#
#
##.........e((......
#...................
##...........##..^..
##.........## #....
# ##.......... ....
## ##........... ...
#. #........... ..
#. ##.....#... #.


You could see a deep elf knight and 2 dancing weapons.

Vanquished Creatures
  The ghost of Paulina the Bewitcher, an adept FoEn of Sif Muna (Lair:3)
  An orc warlord (Orc:2)
  The ghost of Sokar the Severer, a journeyman HOFi of Okawaru (Orc:1)
  A deep elf demonologist (Elf:1)
  A deep elf annihilator (Elf:1)
  5 hydras
  A catoblepas (Lair:4)
  Erica (D:10)
  A two-headed ogre (D:9)
  A merfolk avatar (Lair:6)
  9 death yaks
  14 dancing weapons
  4 orc high priests (Orc:2)
  The ghost of Ivernyr the Blocker, a novice HuFi of Nemelex Xobeh (D:7)
  13 deep elf knights
  The ghost of Nordon the Cleaver, a novice GrFi of Makhleb (D:9)
  6 deep elf archers
  An unseen horror (D:11)
  3 harpies (Lair:6)
  25 deep elf magi
  Pikel (D:8)
  A manticore (D:11)
  An oklob plant (Lair:2)
  3 orc sorcerers (Orc:2)
  5 elephants (Lair:6)
  4 black mambas
  The ghost of al090 the Charmwright, a novice GnSk (D:5)
  11 komodo dragons
  8 spiny frogs
  6 rime drakes
  A tengu conjurer (D:10)
  3 polar bears
  3 trolls
  3 hornets
  Grinder (D:3)
  A snapping turtle (Lair:3)
  13 hippogriffs
  3 air elementals
  A spriggan (D:7)
  A fire elemental (Elf:1)
  A vampire (D:10)
  A water elemental (Elf:1)
  A wraith (D:10)
  54 yaks
  5 wyverns
  2 basilisks
  Grum (D:10)
  A hungry ghost (D:7)
  2 wargs
  2 nagas (Lair:3)
  16 water moccasins
  8 porcupines
  Duvessa (D:5)
  2 phantoms
  2 hornet zombies
  8 necrophages
  26 orc warriors
  A slave (D:8)
  2 ice beasts
  2 sky beasts
  11 ogres
  8 centaurs
  9 wolves
  23 crocodiles
  6 big kobolds
  13 bullfrogs
  3 gnoll sergeants (D:9)
  Dowan (D:5)
  A wyvern skeleton (D:10)
  2 scorpions
  4 killer bees (D:8)
  10 wights
  A howler monkey (D:7)
  8 crimson imps
  4 bullfrog zombies
  2 centaur zombies
  6 jellies
  24 orc priests
  7 hounds
  3 bullfrog skeletons
  Crazy Yiuf (D:5)
  2 iguanas
  Ijyb (D:5)
  Terence (D:2)
  23 orc wizards
  6 hell rats (Lair:6)
  7 worker ants
  2 hound zombies
  A hound skeleton (D:7)
  A worker ant zombie (D:11)
  A howler monkey zombie (D:8)
  5 gnolls (D:9)
  14 adders
  A shadow imp (D:11)
  An ooze (Lair:6)
  2 adder skeletons
  3 worms
  3 dart slugs
  6 leopard geckos
  57 orcs
  7 bats
  5 giant cockroaches
  9 goblins
  8 hobgoblins
  12 jackals
  11 kobolds
  4 quokkas
  3 ball pythons
  9 frilled lizards
  A quokka zombie (D:9)
  8 rats
661 creatures vanquished.

Vanquished Creatures (others)
  A slave (D:8)
  3 orc wizards
  An orc (Orc:2)
  8 fungi
  16 plants
29 creatures vanquished.

Grand Total: 690 creatures vanquished

Notes
Turn   | Place    | Note
-------+----------+-------------------------------------------
     0 | D:1      | Knicklaso the Halfling Fighter began the quest for the Orb.
     0 | D:1      | Reached XP level 1. HP: 15/15 MP: 1/1
    44 | D:1      | Reached XP level 2. HP: 5/20 MP: 2/2
   563 | D:1      | Reached XP level 3. HP: 25/25 MP: 3/3
  1015 | D:2      | Noticed a hungry ghost
  1015 | D:2      | Noticed a wight
  1028 | D:2      | Found a transporter.
  1030 | D:2      | Found a transporter.
  1055 | D:2      | Found an ancient bone altar of Kikubaaqudgha.
  1059 | D:2      | Noticed Menkaure
  1065 | D:2      | Found a basalt altar of Yredelemnul.
  1082 | D:2      | Noticed Terence
  1095 | D:2      | Killed Terence
  1095 | D:2      | Reached XP level 4. HP: 15/30 MP: 4/4
  1578 | D:2      | Reached XP level 5. HP: 36/36 MP: 5/5
  1606 | D:2      | Reached skill level 3 in Fighting
  2386 | D:3      | Noticed an ogre
  2394 | D:3      | Killed an ogre
  2394 | D:3      | Reached skill level 1 in Maces & Flails
  2394 | D:3      | Reached skill level 1 in Slings
  2394 | D:3      | Reached XP level 6. HP: 36/42 MP: 6/6
  2421 | D:3      | Noticed Grinder
  2437 | D:3      | Paralysed by Grinder for 3 turns
  2467 | D:3      | Paralysed by Grinder for 7 turns
  2476 | D:3      | Paralysed by Grinder for 2 turns
  2504 | D:3      | Killed Grinder
  2504 | D:3      | Reached XP level 7. HP: 21/46 MP: 7/7
  3401 | D:4      | Reached skill level 5 in Armour
  3401 | D:4      | Reached skill level 5 in Shields
  3465 | D:4      | Found an ornate altar of the Wu Jian Council.
  4025 | D:4      | Found a deep blue altar of Sif Muna.
  4545 | D:5      | Entered Level 5 of the Dungeon
  4563 | D:5      | Reached XP level 8. HP: 44/54 MP: 8/8
  4650 | D:5      | Found a radiant altar of Vehumet.
  4678 | D:5      | Noticed Ijyb
  4684 | D:5      | Paralysed by Ijyb for 5 turns
  4695 | D:5      | Killed Ijyb
  4695 | D:5      | Reached skill level 4 in Fighting
  4802 | D:5      | Found a glowing silver altar of Zin.
  4905 | D:5      | Noticed al090's ghost (novice GnSk)
  4992 | D:5      | Noticed Duvessa
  4992 | D:5      | Noticed Dowan
  5220 | D:5      | Noticed a hippogriff
  5288 | D:6      | Noticed a dagger
  5288 | D:6      | Noticed a hand axe
  5394 | D:6      | Found a hide-covered altar of Uskayaw.
  5454 | D:6      | Killed a hippogriff
  5454 | D:6      | Reached skill level 1 in Evocations
  6370 | D:6      | Found a staircase to the Ecumenical Temple.
  6688 | D:5      | Found a blossoming altar of Fedhas.
  6756 | D:5      | Found a runed door.
  6760 | D:5      | Noticed Crazy Yiuf
  6764 | D:5      | Killed Crazy Yiuf
  7242 | D:5      | Killed al090's ghost
  7242 | D:5      | Reached skill level 5 in Fighting
  7242 | D:5      | Reached XP level 9. HP: 24/61 MP: 9/11
  7242 | D:5      | Paralysed by fainting for 10 turns
  7534 | D:5      | Killed Duvessa
  7547 | D:5      | Killed Dowan
  7964 | D:7      | Found a glowing golden altar of the Shining One.
  7966 | D:7      | Found a stormy altar of Qazlal.
  7967 | D:7      | Found a snail-covered altar of Cheibriados.
  8214 | D:7      | Gained mutation: You have a beak for a mouth. [potion of mutation]
  8524 | D:6      | Became a worshipper of Uskayaw the Reveler
  8570 | D:7      | Reached * piety under Uskayaw
  8575 | D:7      | Reached ** piety under Uskayaw
  8583 | D:7      | Noticed Ivernyr's ghost (novice HuFi)
  8586 | D:7      | Reached *** piety under Uskayaw
  8595 | D:7      | Reached **** piety under Uskayaw
  8603 | D:7      | Reached ***** piety under Uskayaw
  8604 | D:7      | Killed Ivernyr's ghost
  8604 | D:7      | Reached skill level 5 in Evocations
  8604 | D:7      | Reached XP level 10. HP: 58/68 MP: 13/13
  9290 | D:8      | Reached skill level 5 in Dodging
 10015 | D:8      | Found an iron altar of Okawaru.
 10046 | D:8      | Got a scorched falchion
 10140 | D:8      | Noticed Pikel
 10152 | D:8      | Killed Pikel
 10152 | D:8      | Reached skill level 5 in Long Blades
 10579 | D:8      | Reached XP level 11. HP: 5/72 MP: 7/15
 10934 | D:9      | Identified the cursed +3 falchion of Impeachment {flame, rN++} (You found it on level 8 of the Dungeon)
 10966 | D:9      | Found a sacrificial altar of Ru.
 11124 | D:9      | Noticed a two-headed ogre
 11130 | D:10     | Entered Level 10 of the Dungeon
 11137 | D:10     | Found Fagac's Gadget Emporium.
 11148 | D:10     | Found Ziqo's Magic Scroll Boutique.
 11155 | D:10     | Bought a scroll of brand weapon for 260 gold pieces
 11235 | D:10     | Noticed Erica
 11246 | D:10     | Killed Erica
 11550 | D:10     | Found Githafoi's Magic Scroll Emporium.
 11556 | D:10     | Bought a scroll of noise for 13 gold pieces
 11607 | D:10     | Reached ****** piety under Uskayaw
 11709 | D:10     | Found Mytoez's General Store.
 12056 | D:10     | Bought a +1 buckler of protection for 231 gold pieces
 12120 | D:10     | Noticed Grum
 12140 | D:10     | Killed Grum
 12507 | D:10     | Found Voxidono's Jewellery Boutique.
 12675 | D:11     | Reached XP level 12. HP: 65/78 MP: 17/17
 12699 | D:11     | Found a staircase to the Lair.
 12804 | D:11     | Killed an unseen horror
 13567 | Lair:1   | Entered Level 1 of the Lair of Beasts
 13597 | Lair:1   | Reached skill level 10 in Dodging
 13705 | Lair:1   | Reached skill level 6 in Fighting
 14129 | Lair:1   | Reached skill level 10 in Long Blades
 14162 | Lair:1   | Noticed an eight-headed hydra
 14228 | Lair:1   | Killed a five-headed hydra
 14598 | Lair:1   | Noticed a seven-headed hydra
 14605 | Lair:1   | Killed a three-headed hydra
 14605 | Lair:1   | Reached skill level 7 in Fighting
 15226 | Lair:2   | Reached XP level 13. HP: 76/86 MP: 19/19
 15428 | Lair:2   | Found a dark tunnel.
 15634 | Lair:2   | HP: 3/86 [acid (12)]
 16047 | Lair:3   | Noticed Paulina's ghost (adept FoEn)
 16075 | Lair:3   | Killed Paulina's ghost
 16447 | Lair:3   | Reached skill level 8 in Fighting
 16477 | Lair:3   | Found a staircase to the Shoals.
 16725 | Lair:3   | Found a staircase to the Snake Pit.
 17843 | Lair:4   | Noticed a catoblepas
 17860 | Lair:4   | Killed a catoblepas
 18392 | Lair:4   | Reached skill level 9 in Fighting
 18920 | Lair:5   | Noticed a six-headed hydra
 18950 | Lair:5   | Killed a two-headed hydra
 18950 | Lair:5   | Reached XP level 14. HP: 97/97 MP: 20/20
 19540 | Lair:5   | You fall through a shaft!
 19540 | Lair:6   | Entered Level 6 of the Lair of Beasts
 19552 | Lair:6   | Reached skill level 10 in Fighting
 20124 | Lair:6   | Reached skill level 11 in Fighting
 20578 | Lair:6   | Got a pair of slimy boots
 20584 | Lair:6   | Identified the +4 pair of boots "Moumeal" {Dex+4} (You found it on level 6 of the Lair of Beasts)
 20833 | Lair:6   | Reached skill level 12 in Fighting
 21030 | Lair:6   | Got a polished ring mail
 21041 | Lair:6   | Identified the +0 ring mail of Insurance {-Cast Regen+ Str+6 Stlth+} (You found it on level 6 of the Lair of Beasts)
 21371 | Lair:6   | Identified Raggauh's Incunabulum of Companions and Heat
 21426 | Lair:6   | Found a runed door.
 21427 | Lair:6   | Found a viscous altar of Jiyva.
 21437 | Lair:6   | Found a staircase to the Slime Pits.
 21955 | D:9      | Noticed Nordon's ghost (novice GrFi)
 21969 | D:9      | Reached XP level 15. HP: 89/109 MP: 21/21
 22334 | D:9      | Killed Nordon's ghost
 22424 | D:9      | Found a staircase to the Orcish Mines.
 22556 | Orc:1    | Entered Level 1 of the Orcish Mines
 22587 | Orc:1    | Reached skill level 13 in Fighting
 22716 | Orc:1    | Noticed Sokar's ghost (journeyman HOFi)
 22740 | Orc:1    | Killed Sokar's ghost
 22876 | Orc:2    | Entered Level 2 of the Orcish Mines
 22876 | Orc:2    | Found a staircase to the Elven Halls.
 22888 | Orc:2    | Noticed an orc warlord
 22987 | Orc:2    | Killed an orc warlord
 23594 | Orc:2    | Found Siuqaaw's Armour Shop.
 23594 | Orc:2    | Found Fyl Job's Magic Scroll Boutique.
 23595 | Orc:2    | Found Loanoof's Antique Armour Boutique.
 23598 | Orc:2    | Found Ceblos's Gadget Shop.
 23643 | Orc:2    | Reached skill level 14 in Fighting
 24087 | Elf:1    | Entered Level 1 of the Elven Halls
 24629 | D:10     | Bought an uncursed ring of protection from magic for 325 gold pieces
 24752 | Orc:2    | Bought quicksilver dragon scales for 660 gold pieces
 25545 | Elf:1    | Reached skill level 15 in Fighting
 26050 | Elf:1    | Got a pitted chain mail
 26061 | Elf:1    | Identified the +3 chain mail of Gauhius {MR- Regen+ Int+3} (You found it on level 1 of the Elven Halls)
 26091 | Elf:1    | Reached XP level 16. HP: 110/122 MP: 22/22
 26713 | Elf:2    | Reached skill level 16 in Fighting
 26755 | Elf:2    | Found a large runed door.
 26755 | Elf:2    | Found a large runed door.
 26783 | Elf:2    | Found a large runed door.
 26783 | Elf:2    | Found a large runed door.
 27604 | Elf:2    | Reached skill level 1 in Invocations
 27608 | Elf:2    | Mangled by a deep elf knight

Skill      XL: |  1  2  3  4  5  6  7  8  9 10 11 12 13 14 15 16 |
---------------+-------------------------------------------------+-----
Short Blades   | 3 4 |  4.1
Armour         | 4 5 6 7 |  7.5
Shields        | 4 5 6 7 |  7.4
Fighting       | 3 5 7 9 12 15 16 | 16.6
Maces & Flails | 1 2 3 |  3.4
Slings         | 1 2 3 4 |  4.1
Evocations     | 3 5 6 7 8 |  8.0
Long Blades    | 2 5 8 10 13 | 13.9
Dodging        | 3 6 9 10 | 10.1
Invocations    | 1 |  1.1

Action                   |  1- 3 |  4- 6 |  7- 9 | 10-12 | 13-15 | 16-18 || total
-------------------------+-------+-------+-------+-------+-------+-------++-------
Melee: Rapier            |   117 |     8 |       |       |       |       ||   125
       Flail             |       |    84 |   461 |       |       |       ||   545
       Scimitar          |       |       |    35 |   522 |   958 |   131 ||  1646
       Peck              |       |       |    14 |   165 |   336 |    41 ||   556
 Fire: Hunting sling     |       |    29 |    64 |       |       |       ||    93
Throw: Stone             |    10 |       |       |       |       |       ||    10
Invok: Line Pass         |       |       |       |     4 |     4 |       ||     8
 Abil: Evoke Berserk Rag |       |       |     8 |     8 |     5 |       ||    21
       Evoke Flight      |       |       |       |       |     1 |       ||     1
Evoke: Wand              |       |       |       |       |     1 |       ||     1
  Use: Potion            |     1 |       |     6 |     1 |     1 |       ||     9
       Scroll            |       |       |       |    21 |     4 |       ||    25
 Stab: Paralysed         |       |       |     1 |    22 |    66 |     8 ||    97
       Distracted        |       |       |       |       |     2 |       ||     2
       Sleeping          |       |       |       |       |     3 |       ||     3
  Eat: Chunk             |       |     5 |    13 |    21 |    41 |     5 ||    85
       Ration            |       |       |     5 |     3 |       |       ||     8
Armor: Scale mail        |    48 |    34 |    94 |       |       |       ||   176
       Ring mail         |     1 |     2 |       |       |    64 |       ||    67
       Chain mail        |       |       |   171 |    46 |       |       ||   217
       Skin              |       |       |    11 |       |       |       ||    11
       Leather armour    |       |       |       |    99 |    60 |       ||   159
       Quicksilver drago |       |       |       |       |    29 |    46 ||    75
Dodge: Dodged            |    39 |    33 |   176 |   375 |   521 |    55 ||  1199
Block: Shield            |    64 |    61 |   300 |       |       |       ||   425
       Buckler           |       |       |       |   107 |   338 |    44 ||   489
       Rpst.: Scimitar   |       |       |     8 |    89 |   121 |    20 ||   238
